 Dungeon Crawl Stone Soup version 0.31-a0-521-gc7390f8997 (webtiles) character file.

Game seed: 14696681809107668625

15 Duck the Changeling (level 2, -7/12 HPs)
             Began as a Felid Shapeshifter on Aug 10, 2023.
             Mangled by a gnoll
             ... wielding a +0 flail
              (11 damage)
             ... on level 1 of the Dungeon.
             The game lasted 00:01:01 (560 turns).

Duck the Changeling (Felid Shapeshifter)             Turns: 560, Time: 00:01:02

Health: -7/12      AC:  1    Str: 11    XL:     2   Next: 34%
Magic:  3/3        EV: 17    Int:  9    God:
Gold:   53         SH:  0    Dex: 16    Spells: 1/1 levels left
                                        Lives:  0   Deaths: 0

rFire   . .          .
                       - Unarmed
rCold   . . .        (shield unavailable)
rNeg    . . .        (body armour unavailable)
rPois   .            (helmet unavailable)
rElec   .            (cloak unavailable)
rCorr   .            (gloves unavailable)
SInv    +            (boots unavailable)
Will    .....        (no amulet)
Stlth   +            (no ring)
HPRegen 0.22/turn    (no ring)
MPRegen 0.08/turn

%: no passive effects
@: beast-form, quick
A: beast (slay +2), very small, claws 1, fangs 3, see invisible, speed 1, shaggy
fur 1, stealthy paws, no weapons or thrown items, no armour, multi-lived
a: Begin Untransformation


You were on level 1 of the Dungeon.
You were a hulking beast.
You visited 1 branch of the dungeon, and saw 1 of its levels.

You collected 53 gold pieces.

Inventory:

Talismans
 b - a beast talisman (active)
 c - a flux talisman
Scrolls
 d - a scroll of teleportation {unknown}
 e - a scroll of fear {unknown}
 f - a scroll of immolation {unknown}
Potions
 a - a potion of lignification
 g - a potion of magic {unknown}
 h - a potion of attraction {unknown}


   Skills:
 - Level 1.1 Fighting
 + Level 3.1 Dodging
 - Level 3.0 Unarmed Combat
 * Level 3.6 Shapeshifting


You had one spell level left.
You didn't know any spells.
Your spell library was empty.

Dungeon Overview and Level Annotations

Branches:
Dungeon (1/15)

Altars:


Innate Abilities, Weirdness & Mutations

You are a hulking beast.
Your limbs bulge with bestial killing power. (Slay +2)
You have sharp claws.
You have razor-sharp teeth.
You have supernaturally acute eyesight. (SInv)
You cover ground quickly. (Speed+)
You are covered in fur. (AC +1)
Your paws help you pounce on unaware monsters.
You are incapable of wielding weapons or throwing items.
You cannot wear armour.
You gain extra lives every three experience levels.


Message History

A ball python is nearby!
You scratch the ball python.
You kill the ball python!
You see here a ball python corpse.
Key pressed, stopping explore.
No target in view!
No target in view!
Found a robe.
No target in view!
You see here a +0 robe.
h - a silvery potion No target in view!
Found a club.
Found an escape hatch in the floor.
No target in view!
A rat comes into view.
A rat is nearby!
A gnoll comes into view. It is wielding a +0 flail.
Found a stone staircase leading down.
You see here a +0 club.
There are monsters nearby!
The gnoll shouts!
There are monsters nearby!
The rat closely misses you.
There is an open door here.
You claw the rat!
You kill the rat!
The gnoll hits you with a +0 flail.
A gnoll is nearby!
You closely miss the gnoll. The gnoll hits you with a +0 flail.
Ouch! That really hurt!
A gnoll is nearby!
You are too injured to fight recklessly!
You scratch the gnoll.
The gnoll is moderately wounded.
The gnoll completely misses you.
You claw the gnoll!
The gnoll is almost dead.
The gnoll hits you with a +0 flail!
Ouch! That really hurt!
You die...

# #....# ##.## # ##.##.#
#.# # #.....# #.# #
##.##.## #'## #
#####.....# #...## #
#.........# #.....# #
#.###.....# ##.......
###.###.....####........
.............).'hg......
###.###.#...####........
# #....>....# ##.>.....
# #####.##### #.....# #
#.# #...## # # ..## # .#
# .# #


You could see a gnoll.

Vanquished Creatures
  A dart slug (D:1)
  An endoplasm (D:1)
  A giant cockroach (D:1)
  5 goblins (D:1)
  2 ball pythons (D:1)
  A frilled lizard (D:1)
  A rat (D:1)
12 creatures vanquished.

Notes
Turn   | Place    | Note
-------+----------+-------------------------------------------
     0 | D:1      | Duck the Felid Shapeshifter began the quest for the Orb.
     0 | D:1      | Reached XP level 1. HP: 9/9 MP: 2/2
   362 | D:1      | Reached XP level 2. HP: 11/12 MP: 3/3
   560 | D:1      | Mangled by a gnoll

Illustrated notes

Levels and vault maps discovered:
D:1:      matt_arrival_grand_opening, layout_loops_corners, minmay_domino_2

Skill      XL: |  1 |
---------------+----+-----
Dodging        | 3 |  3.1
Fighting       | |  1.1
Unarmed Combat | |  3.0
Shapeshifting  | |  3.6

Action                     || total
---------------------------++-------
  Melee: Unarmed           ||    25
 Armour: Skin              ||     1
  Dodge: Dodged            ||    23

Table legend: (Time is in decaauts)
 A = Elapsed time spent in this place.
 B = Non-inter-level travel time spent in this place.
 C = Inter-level travel time spent in this place.
 D = Time resting spent in this place.
 E = Time spent auto-exploring this place.
 F = Levels seen in this place.
 G = Mean time per level.
                   A        B        C        D        E       F      G
               +--------+--------+--------+--------+--------+-----+--------+
         Total |    455 |    455 |      0 |      0 |    388 |   1 |  455.0 |
       Dungeon |    455 |    455 |      0 |      0 |    388 |   1 |  455.0 |
               +--------+--------+--------+--------+--------+-----+--------+

Top non-repeatable levels by time:
     D:1: 455 daAuts
